 Dungeon Crawl Stone Soup version 0.22.1-2-g9c5b331 (webtiles) character file.

2681 MalarOregon the Chiller (level 9, -17/67 HPs)
             Began as a Merfolk Ice Elementalist on Nov 13, 2018.
             Was an Initiate of Ashenzari.
             Killed from afar by Harold (22 damage)
             ... with a harpoon shot
             ... on level 6 of the Dungeon.
             The game lasted 00:39:05 (10214 turns).

MalarOregon the Chiller (Merfolk Ice Elementalist) Turns: 10214, Time: 00:39:06

Health: -17/67     AC:  4    Str:  8    XL:     9   Next: 64%
Magic:  6/15       EV: 16    Int: 17    God:    Ashenzari [......]
Gold:   384        SH:  4    Dex: 15    Spells: 6/17 levels left

rFire    . . .     SeeInvis .   a - +0 trident
rCold    . . .     Gourm    .   C - +0 buckler (curse)
rNeg     . . .     Faith    +   x - +0 robe {Archmagi}
rPois    .         Spirit   .   s - +0 helmet
rElec    .         Reflect  .   v - +0 cloak
rCorr    .         Harm     .   (no gloves)
MR       .....                  (no boots)
Stlth    ++........             u - amulet of faith {!P}
HPRegen  0.21/turn              (no ring)
MPRegen  0.14/turn              (no ring)

@: marked
A: change form in water, swift swim, stealthy swim
a: Curse Item, Renounce Religion


You were on level 6 of the Dungeon.
You worshipped Ashenzari.
Ashenzari was noncommittal.
You were very hungry.

You visited 2 branches of the dungeon, and saw 8 of its levels.
You also visited: Sewer.

You collected 426 gold pieces.
You spent 42 gold pieces at shops.

Inventory:

Hand Weapons
 a - a +0 trident (weapon)
   (You took it off an orc on level 6 of the Dungeon)
Missiles
 f - 22 poisoned needles
 g - a throwing net {!f}
 t - 7 tomahawks (quivered)
Armour
 b - a +0 shield
   (You found it on level 4 of the Dungeon)
 l - a scarf of repulsion
   (You found it on level 6 of the Dungeon)
 s - a +0 helmet (worn)
   (You found it on level 4 of the Dungeon)
 v - a +0 cloak (worn)
   (You took it off Crazy Yiuf on level 4 of the Dungeon)
 x - a +0 robe of the Archmagi (worn)
   (You took it off Sigmund on level 5 of the Dungeon)
 C - a cursed +0 buckler (worn)
   (You bought it in a shop on level 6 of the Dungeon)
Jewellery
 u - an amulet of faith (around neck) {!P}
   (You took it off a gnoll on level 6 of the Dungeon)
 B - an uncursed amulet of rage
   (You found it on level 5 of the Dungeon)
Wands
 w - a wand of polymorph (21)
   (You took it off Sigmund on level 5 of the Dungeon)
Scrolls
 c - a scroll of identify {@r1}
 m - a scroll of immolation {!r}
 n - a scroll of enchant weapon
 o - a scroll of fear
 y - a scroll of remove curse {@r2}
 A - a scroll of teleportation {@r4}
Potions
 d - 2 potions of might
 h - 2 potions of agility
 i - a potion of heal wounds {@q2}
 j - a potion of ambrosia
 k - 2 potions of curing {@q1}
 p - 3 potions of brilliance
 q - a potion of mutation {!q}
 r - a potion of flight
Comestibles
 e - 9 rations {!d}


   Skills:
 + Level 4.8 Fighting
 + Level 3.4 Polearms
 + Level 6.7 Dodging
 - Level 2.1 Stealth
 + Level 2.2 Shields
 + Level 4.6 Spellcasting
 * Level 5.1 Conjurations
 + Level 3.5 Summonings
 * Level 7.2 Ice Magic


You had 6 spell levels left.
You knew the following spells:

 Your Spells              Type           Power        Failure   Level  Hunger
a - Freeze                Ice            ####         1%          1    None
c - Throw Icicle          Conj/Ice       #####...     14%         4    ####...
d - Summon Ice Beast      Ice/Summ       ####....     21%         4    ####...
x - Throw Frost           Conj/Ice       #####.       2%          2    ##.....

Your spell library contained the following spells:

 Spells                   Type           Power        Failure   Level  Hunger
 Ozocubu's Armour         Chrm/Ice       ###.....     12%         3    ###....


Dungeon Overview and Level Annotations

Branches:
Dungeon (7/15)             Temple (1/1) D:7

Altars:
Ashenzari
Cheibriados
Dithmenos
Elyvilon
Fedhas
Hepliaklqana
Kikubaaqudgha
Makhleb
Nemelex Xobeh
Okawaru
Qazlal
Ru
Sif Muna
Trog
Uskayaw
Vehumet
Wu Jian
Xom
Yredelemnul
The Shining One

Shops:
D:6 [

Annotations:
D:6 Harold


Message History

A giant cockroach comes into view.
Harold throws a throwing net.
The throwing net closely misses you.
Aim: Harold, wielding a war axe and wearing a chain mail You feel a surge of power!
The puff of frost hits Harold.
Aim: Harold, wielding a war axe and wearing a chain mail (lightly wounded)
You feel a surge of power!
The puff of frost hits Harold.
Aim: Harold, wielding a war axe and wearing a chain mail (lightly wounded)
You feel a surge of power!
The puff of frost hits Harold.
Attack whom?
Aim: Harold, wielding a war axe and wearing a chain mail (moderately wounded)
You reach to attack!
You hit Harold but do no damage.
Harold points at you and mumbles some strange words.
The harpoon shot hits you!
You are yanked forward by the harpoon shot.
A bullfrog skeleton comes into view.
The giant cockroach bites you but does no damage.
There is a stone staircase leading up here.
You block the giant cockroach's attack. Harold hits you with a war axe!
You climb upwards.
There is a stone staircase leading down here.
You block the giant cockroach's attack. Harold hits you with a war axe!!
* * * LOW HITPOINT WARNING * * *
The giant cockroach barely misses you. Harold gestures at you while chanting.
The mark upon you grows brighter.
Your magical contamination has completely faded away.
Aim: a giant cockroach (clinging)
You feel a surge of power!
The puff of frost misses the giant cockroach.
You don't have enough magic to cast that spell.
Harold gestures at you while chanting. The mark upon you grows brighter.
Harold gestures at you while chanting. The mark upon you grows brighter.
You start resting.
Harold is too close now for your liking.
Harold points at you and mumbles some strange words.
The harpoon shot hits you!
* * * LOW HITPOINT WARNING * * *
You are yanked forward by the harpoon shot.
You are feeling very hungry.
Harold points at you and mumbles some strange words.
The harpoon shot hits you!
* * * LOW HITPOINT WARNING * * *
You are yanked forward by the harpoon shot.
Harold points at you and mumbles some strange words.
The harpoon shot misses you.
Harold points at you and mumbles some strange words.
The harpoon shot hits you!
You die...

.#.# ###########.###### .#.#
#.......∩...# '#'###
####.########### .....#
#..........# .....# #..........#
.....# #......))..#
.....###########.################
.....'......s@...................
.....#...#######@################
.....#..>........................
'#####...............[...........
.# ###''######....#.......#####
.# ###.)### ####.#.##[.#.# # .#
#......#####......#..#.# #
.#####.###..##....#.#..#..#.# #
###.'[.#..#..'.####.#..##.#.# #
...''..#).#..'......#..##.#.# #


You could see Harold and a giant cockroach.

Vanquished Creatures
  The ghost of MalarOregon the Chiller, an amateur MfIE (D:3)
  Sigmund (D:5)
  Edmund (D:4)
  A sky beast (D:5)
  Purgy (Sewer)
  An orc warrior (D:6)
  The ghost of Curus the Poker, an amateur MiFi (D:3)
  An ogre (D:6)
  2 centaurs
  A bullfrog (D:6)
  5 scorpions
  2 jellies
  3 wights
  An electric eel (D:6)
  3 howler monkeys
  A bullfrog zombie (D:5)
  2 crimson imps
  Crazy Yiuf (D:4)
  A bullfrog skeleton (D:7)
  4 orc priests
  A gnoll shaman (D:6)
  5 orc wizards
  2 worker ants
  A killer bee zombie (D:6)
  8 gnolls
  A river rat (D:3)
  10 adders
  5 shadow imps
  4 oozes (D:3)
  An adder zombie (D:6)
  An adder skeleton (D:5)
  4 worms
  3 dart slugs
  5 leopard geckos
  28 orcs
  10 bats
  8 giant cockroaches
  2 gnoll zombies (D:4)
  7 hobgoblins
  6 jackals
  12 kobolds
  7 quokkas
  6 frilled lizards
  11 goblins
  A leopard gecko skeleton (D:4)
  9 rats
192 creatures vanquished.

Vanquished Creatures (others)
  An orc wizard (D:4)
  4 withered plants (D:3)
5 creatures vanquished.

Grand Total: 197 creatures vanquished

Notes
Turn   | Place    | Note
-------+----------+-------------------------------------------
     0 | D:1      | MalarOregon the Merfolk Ice Elementalist began the quest
                  | for the Orb.
     0 | D:1      | Reached XP level 1. HP: 13/13 MP: 3/3
   205 | D:1      | Reached XP level 2. HP: 20/20 MP: 3/5
   295 | D:1      | Reached skill level 1 in Fighting
   484 | D:1      | Reached XP level 3. HP: 17/26 MP: 0/6
   799 | D:1      | Learned a level 2 spell: Throw Frost
  1072 | D:1      | Reached skill level 1 in Conjurations
  1153 | D:2      | Reached XP level 4. HP: 28/32 MP: 1/7
  1371 | D:2      | Reached skill level 4 in Ice Magic
  1789 | D:2      | Found a sacrificial altar of Ru.
  1958 | D:3      | Found a runed gate.
  1958 | D:3      | Found a runed gate.
  1958 | D:3      | Found a runed gate.
  1959 | D:3      | Noticed MalarOregon's ghost (amateur MfIE)
  1959 | D:3      | Noticed Curus's ghost (amateur MiFi)
  2067 | D:3      | Reached XP level 5. HP: 29/38 MP: 1/8
  2549 | D:3      | Found a glowing drain.
  2595 | Sewer    | Entered a sewer
  3103 | Sewer    | Noticed Purgy
  3237 | Sewer    | Killed Purgy
  3237 | Sewer    | Reached XP level 6. HP: 25/44 MP: 0/10
  3349 | D:3      | Found a hazy altar of Hepliaklqana.
  3350 | D:3      | Found a shimmering altar of Xom.
  3351 | D:3      | Noticed a spectral ugly thing
  3620 | D:3      | Learned a level 4 spell: Throw Icicle
  3625 | D:3      | Learned a level 4 spell: Summon Ice Beast
  4097 | D:4      | Reached skill level 5 in Ice Magic
  4181 | D:4      | Found a basalt altar of Yredelemnul.
  4294 | D:4      | Noticed Edmund
  4421 | D:4      | Killed Edmund
  4421 | D:4      | Reached XP level 7. HP: 36/51 MP: 0/11
  4522 | D:4      | Reached skill level 1 in Summonings
  4753 | D:4      | Found a runed door.
  5355 | D:4      | Noticed Crazy Yiuf
  5361 | D:4      | Killed Crazy Yiuf
  5361 | D:4      | Reached skill level 5 in Dodging
  5507 | D:5      | Entered Level 5 of the Dungeon
  5604 | D:5      | Found a burning altar of Makhleb.
  5608 | D:5      | Found a blossoming altar of Fedhas.
  5613 | D:5      | Found a shattered altar of Ashenzari.
  5657 | D:5      | Noticed Sigmund
  5671 | D:5      | Killed Sigmund
  5671 | D:5      | Reached XP level 8. HP: 40/59 MP: 5/13
  6713 | D:6      | Reached skill level 6 in Ice Magic
  6737 | D:6      | Reached skill level 1 in Polearms
  7088 | D:5      | Reached skill level 1 in Shields
  7564 | D:6      | Reached XP level 9. HP: 58/65 MP: 10/15
  8605 | D:6      | Found Zuoqil's Armour Boutique.
  8613 | D:6      | Bought a cursed +0 buckler for 42 gold pieces
  9270 | D:3      | Killed MalarOregon's ghost
  9270 | D:3      | Reached skill level 7 in Ice Magic
  9516 | D:3      | Killed Curus's ghost
  9516 | D:3      | Reached skill level 5 in Conjurations
  9769 | D:7      | Found a staircase to the Ecumenical Temple.
  9789 | Temple   | Entered the Ecumenical Temple
 10056 | D:5      | Became a worshipper of Ashenzari the Shackled
 10152 | D:7      | Noticed Harold
 10214 | D:6      | Killed from afar by Harold

Skill      XL: |  1  2  3  4  5  6  7  8  9 |
---------------+----------------------------+-----
Dodging        | 3 4 5 6 |  6.7
Fighting       | 1 2 3 4 |  4.8
Conjurations   | 1 2 3 4 5 |  5.1
Ice Magic      | 4 5 6 7 |  7.2
Spellcasting   | 3 4 |  4.6
Summonings     | 2 3 |  3.5
Polearms       | 1 3 |  3.4
Shields        | 1 2 |  2.2
Stealth        | |  2.1

Action                   |  1- 3 |  4- 6 |  7- 9 || total
-------------------------+-------+-------+-------++-------
Melee: Unarmed           |    10 |       |       ||    10
       Dagger            |    18 |    77 |       ||    95
       Mace              |       |    35 |    70 ||   105
       Short sword       |       |    20 |       ||    20
       Spear             |       |       |    99 ||    99
       Trident           |       |       |    37 ||    37
Throw: Tomahawk          |       |       |     9 ||     9
 Cast: Freeze            |    58 |   128 |    95 ||   281
       Throw Frost       |       |     3 |    66 ||    69
       Throw Icicle      |       |     1 |    21 ||    22
  Use: Scroll            |     3 |    13 |     5 ||    21
       Potion            |       |     1 |     3 ||     4
 Stab: Sleeping          |     4 |     7 |     2 ||    13
       Invisible         |       |       |     2 ||     2
  Eat: Chunk             |     2 |    11 |    17 ||    30
       Ration            |       |       |     2 ||     2
Armor: Robe              |    13 |    18 |    19 ||    50
       Troll leather arm |       |    30 |    29 ||    59
Dodge: Dodged            |    61 |   180 |   251 ||   492
Block: Buckler           |       |       |     2 ||     2
